 Dungeon Crawl Stone Soup version 0.17.0-23-g0de4337 (webtiles) character file.

290 JudasIscariot the Sneak (level 6, -3/41 HPs)
             Began as a Vampire Enchanter on Nov 14, 2015.
             Slain by a killer bee (7 damage)
             ... on level 3 of the Dungeon.
             The game lasted 00:12:26 (3723 turns).

JudasIscariot the Sneak (Vampire Enchanter)         Turns: 3723, Time: 00:12:26

Health: -3/41      AC:  3    Str:  7    XL:     6   Next: 9%
Magic:  7/9        EV: 14    Int: 19    God:
Gold:   149        SH:  0    Dex: 15    Spells: 3 memorised, 4 levels left

rFire  . . .     SeeInvis +     a - +1 dagger
rCold  + . .     Clarity  .     b - +1 robe
rNeg   + + .     SustAt   .     (no shield)
rPois  +         Gourm    .     (no helmet)
rElec  .         Spirit   .     (no cloak)
rCorr  .         Warding  .     (no gloves)
rMut   .         Stasis   .     (no boots)
MR     .....                    (no amulet)
Stlth  ++++......               (no ring)
                                (no ring)

@: lethally poisoned (-3 -> -10), regenerating slowly, not resistant to hostile
enchantments, stealthy
A: fangs 3, see invisible, unbreathing
a: Bat Form


You were on level 3 of the Dungeon.
You were very thirsty.

You visited 1 branch of the dungeon, and saw 3 of its levels.

You collected 149 gold pieces.

Inventory:

Hand Weapons
 a - a +1 dagger (weapon)
Missiles
 l - 19 poisoned needles
 m - 5 needles of sleeping
Armour
 b - a +1 robe (worn)
Scrolls
 e - 2 scrolls of remove curse {unknown}
 f - a scroll of teleportation {unknown}
 h - a scroll of identify {unknown}
 p - a scroll of amnesia {unknown}
 q - a scroll of fear {unknown}
 r - 2 scrolls of random uselessness {unknown}
 t - a scroll of magic mapping {unknown}
Potions
 d - 18 potions of blood
 g - 3 potions of curing {unknown}
 i - a potion of haste {unknown}
 j - a potion of poison {unknown}
 k - a potion of invisibility {unknown}
 n - a potion of ambrosia {unknown}
 o - a potion of resistance {unknown}
 u - a potion of heal wounds {unknown}
Books
 c - a book of Maledictions

   Spells                             Type                      Level
   a - Corona                         Hexes                        1
   b - Ensorcelled Hibernation        Hexes/Ice                    2
   c - Confuse                        Hexes                        3
   d - Tukima's Dance                 Hexes                        3
   e - Dazzling Spray                 Conjuration/Hexes            3
 s - a book of Cantrips

   Spells                             Type                      Level
   a - Corona                         Hexes                        1
   b - Animate Skeleton               Necromancy                   1
   c - Summon Small Mammal            Summoning                    1
   d - Apportation                    Translocation                1


   Skills:
 + Level 0.1 Fighting
 * Level 2.1 Short Blades
 * Level 4.0 Dodging
 * Level 6.8 Stealth
 * Level 2.6 Spellcasting
 * Level 5.9 Hexes
 + Level 1.0 Ice Magic


You had 4 spell levels left.
You knew the following spells:

 Your Spells              Type           Power        Failure   Level  Hunger
a - Corona                Hex            ####...      1%          1    #......
b - Ensorcelled Hibernat  Hex/Ice        ###...       8%          2    ##.....
c - Tukima's Dance        Hex            ####....     4%          3    ###....


Dungeon Overview and Level Annotations

Branches:
Dungeon (3/15)

Altars:
Trog


Innate Abilities, Weirdness & Mutations

You heal slowly.
You have razor-sharp teeth.
You have supernaturally acute eyesight.
You can survive without breathing.


Message History

You barely miss the killer bee. The killer bee stings you.
You are poisoned.
The killer bee poisons you! The killer bee stings you!
* * * LOW HITPOINT WARNING * * *
The killer bee misses you. The killer bee barely misses you.
* * * LOW HITPOINT WARNING * * *
You feel sick. The killer bee closely misses you.
* * * LOW HITPOINT WARNING * * *
You feel sick. The killer bee closely misses you.
You see here 2 stones.
The killer bee stings you.
* * * LOW HITPOINT WARNING * * *
You fail to use your ability.
* * * LOW HITPOINT WARNING * * *
You feel sick.
The killer bee stings you but does no damage.
The killer bee barely misses you.
The killer bee stings you but does no damage.
The killer bee stings you!
You die...

#.# ##.#########.#
#.##. ## #.#
#.#......$#.###.##.
.# #.#
#)†w.....)#..#...#.
.# #.#
#w#..)...$#.#......
.# #.#
#.#########.##.....
.######.#
#(o#.....'..###.##.
........#
##.#%....#†## ##.#.
#########
#y#######.# ##.##.
#
#@.#.).#..###..###
# #..##.##.÷.#.#.#
# #...#'#..##.##.#
# #####
##.#.....######.# #
....# #..#######
###.# # ###.# #.###
#...### ###.#
###...# #.#<...
..#.# #..###.##
#...### #.#.# #.##
#.########...##


You could see an orc warrior, a worm and a killer bee.

Vanquished Creatures
  A centaur skeleton (D:3)
  An orc wizard (D:3)
  An orc priest (D:3)
  A hound skeleton (D:3)
  3 gnolls (D:2)
  8 adders
  2 worms (D:2)
  A giant gecko (D:2)
  2 orcs (D:3)
  10 bats
  4 giant cockroaches
  7 goblins
  6 hobgoblins
  6 jackals (D:3)
  6 kobolds
  2 quokkas
  A ball python (D:3)
  7 giant newts
  4 rats
73 creatures vanquished.

Vanquished Creatures (collateral kills)
  An orc wizard (D:3)
  2 orcs (D:3)
3 creatures vanquished.

Vanquished Creatures (others)
  2 dancing weapons (D:3)
2 creatures vanquished.

Grand Total: 78 creatures vanquished

Notes
Turn   | Place    | Note
--------------------------------------------------------------
     0 | D:1      | JudasIscariot the Vampire Enchanter began the quest for the Orb.
     0 | D:1      | Reached XP level 1. HP: 13/13 MP: 3/3
   133 | D:1      | Reached XP level 2. HP: 16/19 MP: 5/5
   492 | D:1      | Learned a level 2 spell: Ensorcelled Hibernation
   825 | D:2      | Reached skill level 5 in Stealth
   825 | D:2      | Reached XP level 3. HP: 24/24 MP: 1/6
   862 | D:2      | Reached skill level 5 in Hexes
  1280 | D:2      | Learned a level 3 spell: Tukima's Dance
  1317 | D:2      | Reached XP level 4. HP: 26/30 MP: 1/7
  2012 | D:2      | Reached skill level 6 in Stealth
  2850 | D:3      | Found a bloodstained altar of Trog.
  2896 | D:3      | Reached XP level 5. HP: 24/35 MP: 8/8
  3575 | D:3      | Reached skill level 1 in Ice Magic
  3620 | D:3      | Reached XP level 6. HP: 41/41 MP: 9/9
  3703 | D:3      | Noticed an orc warrior
  3723 | D:3      | Slain by a killer bee

Action                   |  1- 3 |  4- 6 || total
-------------------------+-------+-------++-------
Melee: Dagger            |   106 |   174 ||   280
 Cast: Corona            |     2 |       ||     2
       Ensorcelled Hiber |     7 |     6 ||    13
       Tukima's Dance    |       |     5 ||     5
  Use: Potion            |     1 |     4 ||     5
 Stab: Sleeping          |    13 |    15 ||    28
